 Dungeon Crawl Stone Soup version 0.20.1-4-g4af34eaf8e (webtiles) character file.

543 Alfie the Shooter (level 7, -5/59 HPs)
             Began as a Minotaur Hunter on Feb 25, 2020.
             Slain by an iguana (12 damage)
             ... on level 4 of the Dungeon.
             The game lasted 00:10:08 (2498 turns).

Alfie the Shooter (Minotaur Hunter)                 Turns: 2498, Time: 00:10:09

Health: -5/59      AC:  4    Str: 18    XL:     7   Next: 6%
Magic:  6/6        EV: 12    Int:  8    God:
Gold:   251        SH:  0    Dex: 11    Spells: 6/6 levels left

rFire    . . .     SeeInvis .   b - +0 short sword
rCold    . . .     Gourm    .   (no shield)
rNeg     . . .     Faith    .   c - +0 leather armour
rPois    .         Spirit   .   (helmet restricted)
rElec    .         Reflect  .   p - +0 cloak
rCorr    .         Harm     .   (no gloves)
MR       .....                  (no boots)
Stlth    +.........             (no amulet)
Regen    0.2/turn               (no ring)
MPRegen  0.1/turn               (no ring)

@: no status effects
A: retaliatory headbutt, horns 2
a: no special abilities


You were on level 4 of the Dungeon.
You were not hungry.

You visited 1 branch of the dungeon, and saw 4 of its levels.

You collected 251 gold pieces.

Inventory:

Hand Weapons
 a - a +1 shortbow
 b - a +0 short sword (weapon)
 r - a +0 blowgun
Missiles
 d - 5 arrows
 q - 5 poisoned needles (quivered)
Armour
 c - a +0 leather armour (worn)
 p - a +0 cloak (worn)
Jewellery
 i - an uncursed ring of protection from cold {unknown}
Scrolls
 h - 2 scrolls of teleportation
 k - 2 scrolls of remove curse
 t - a scroll of amnesia
Potions
 e - a potion of agility
 l - a potion of curing
 n - a potion of haste {unknown}
Comestibles
 f - 2 bread rations
 j - 3 meat rations
 m - 3 fruits


   Skills:
 + Level 4.1 Fighting
 + Level 2.1 Short Blades
 + Level 7.5 Bows
 + Level 2.9 Armour
 + Level 2.9 Dodging
 + Level 1.0 Stealth


You had 6 spell levels left.
You didn't know any spells.

Dungeon Overview and Level Annotations

Branches:
Dungeon (4/15)
 Temple: D:4-7

Altars:
Elyvilon
Gozag
Qazlal


Innate Abilities, Weirdness & Mutations

You reflexively headbutt those who attack you in melee.
You have a pair of horns on your head.


Message History

The iguana bites you!
You hit the iguana.
The iguana is heavily wounded.
The iguana closely misses you. You furiously retaliate!
You headbutt the iguana, but do no damage.
You closely miss the iguana. Your headbutt misses the iguana.
The iguana is heavily wounded.
The iguana bites you!
You hit the iguana.
The iguana is almost dead.
The iguana bites you!
You hit the iguana but do no damage.
The iguana is almost dead.
The iguana bites you!
* * * LOW HITPOINT WARNING * * *
You barely miss the iguana.
The iguana is almost dead.
The giant cockroach bites you but does no damage.
The iguana bites you!
You die...

####..####...###
##...... #..# ##.##
#..#### #..# .# #..# #
#..# .# #.†# # #..####
.# #..# # #.....# .#
######..#### ##)##.# .#
#........<..
#.##.##.###...###..###.
#.##..@l...........# #.
#.#####s###...####.# #.
... ..# #.# #. ... ....
#.# #. ....# ###.. ...
.. ....# .## .####.
#....# # #. #. #.


You could see an iguana and a giant cockroach.

Vanquished Creatures
  An ogre (D:4)
  A bullfrog (D:3)
  A scorpion (D:4)
  2 orc priests
  2 orc wizards
  2 worker ants (D:4)
  5 adders
  4 gnolls (D:3)
  3 oozes
  An adder skeleton (D:4)
  2 worms
  A dart slug (D:2)
  4 leopard geckos
  11 orcs
  6 giant cockroaches
  7 hobgoblins
  5 kobolds
  A quokka (D:4)
  5 bats
  A frilled lizard (D:1)
  9 goblins
  3 rats (D:1)
77 creatures vanquished.

Vanquished Creatures (others)
  A quokka (D:3)
1 creature vanquished.

Grand Total: 78 creatures vanquished

Notes
Turn   | Place    | Note
-------+----------+-------------------------------------------
     0 | D:1      | Alfie the Minotaur Hunter began the quest for the Orb.
     0 | D:1      | Reached XP level 1. HP: 18/18 MP: 0/0
    33 | D:1      | Reached XP level 2. HP: 25/25 MP: 1/1
   106 | D:1      | Reached skill level 5 in Bows
   852 | D:2      | Reached XP level 3. HP: 30/30 MP: 2/2
  1038 | D:2      | Found a stormy altar of Qazlal.
  1104 | D:2      | Reached XP level 4. HP: 34/37 MP: 3/3
  1419 | D:3      | Reached skill level 6 in Bows
  1529 | D:3      | Reached XP level 5. HP: 23/45 MP: 4/4
  1630 | D:3      | Reached skill level 1 in Short Blades
  1630 | D:3      | Reached skill level 1 in Armour
  1700 | D:3      | Reached skill level 7 in Bows
  1730 | D:3      | Reached XP level 6. HP: 37/52 MP: 5/5
  1747 | D:3      | Found a white marble altar of Elyvilon.
  2149 | D:4      | Reached skill level 1 in Stealth
  2469 | D:4      | Found an opulent altar of Gozag.
  2483 | D:4      | Reached XP level 7. HP: 45/59 MP: 6/6
  2498 | D:4      | Slain by an iguana

Skill      XL: |  1  2  3  4  5  6 |
---------------+-------------------+-----
Bows           | 5 6 7 |  7.5
Fighting       | 3 4 |  4.1
Short Blades   | 1 2 |  2.1
Armour         | 1 2 |  2.9
Stealth        | 1 |  1.0
Dodging        | |  2.9

Action                   |  1- 3 |  4- 6 |  7- 9 || total
-------------------------+-------+-------+-------++-------
Melee: Short sword       |    11 |   104 |     6 ||   121
       Headbutt          |     1 |    27 |       ||    28
 Fire: Shortbow          |    65 |    47 |       ||   112
       Blowgun           |       |     3 |       ||     3
  Use: Scroll            |     5 |     2 |       ||     7
       Potion            |       |     4 |       ||     4
  Eat: Bread ration      |       |     1 |       ||     1
       Royal jelly       |       |       |     1 ||     1
Armor: Leather armour    |     4 |    19 |     1 ||    24
Dodge: Dodged            |    34 |    54 |     2 ||    90
